 Dungeon Crawl Stone Soup version 0.29-a0-887-gcbe080d7e0 (webtiles) character file.

Game seed: 3607094173178026355

123 lunkers the Slasher (level 4, -1/38 HPs)
             Began as a Demigod Gladiator on July 21, 2022.
             Slain by Natasha (2 damage)
             ... on level 2 of the Dungeon on July 22, 2022.
             The game lasted 00:02:38 (1923 turns).

lunkers the Slasher (Demigod Gladiator)             Turns: 1923, Time: 00:02:38

Health: -1/38      AC:  6    Str: 15    XL:     4   Next: 52%
Magic:  6/6        EV: 11    Int: 10    God:
Gold:   80         SH:  0    Dex: 19    Spells: 3/3 levels left

rFire   . . .      SeeInvis .   a - +0 long sword
rCold   . . .      Faith    .   (no shield)
rNeg    . . .      Spirit   .   n - +0 ring mail
rPois   .          Reflect  .   c - +0 helmet
rElec   .          Harm     .   (no cloak)
rCorr   .          Rampage  .   (no gloves)
Will    +....                   (no boots)
Stlth   +.........              (no amulet)
HPRegen 0.12/turn               q - ring of willpower
MPRegen 0.10/turn               (no ring)

@: no status effects
A: high MP 1, forlorn, divine attributes
a: no special abilities


You were on level 2 of the Dungeon.
You visited 1 branch of the dungeon, and saw 2 of its levels.

You collected 80 gold pieces.

Inventory:

Hand Weapons
 a - a +0 long sword (weapon)
 f - a +2 dagger of pain
Missiles
 d - 3 throwing nets
 e - a javelin
Armour
 b - a +0 leather armour
 c - a +0 helmet (worn)
 n - a +0 ring mail (worn)
Jewellery
 j - a ring of fire
 q - a ring of willpower (left hand)
Scrolls
 g - a scroll of summoning {unknown}
 k - 3 scrolls of amnesia {unknown}
 m - a scroll of blinking {unknown}
 o - a scroll of immolation {unknown}
 p - a scroll of identify {unknown}
 r - a scroll of poison {unknown}
 t - a scroll of silence {unknown}
Potions
 h - a potion of haste {unknown}
 i - 2 potions of heal wounds {unknown}
 l - 2 potions of curing {unknown}
 s - a potion of flight {unknown}


   Skills:
 + Level 3.0 Fighting
 * Level 4.4 Long Blades
 - Level 1.7 Throwing
 - Level 2.6 Dodging


You had 3 spell levels left.
You didn't know any spells.
Your spell library contained the following spells:

 Spells                   Type           Power      Damage    Failure   Level
 Ensorcelled Hibernation  Hex/Ice        0%         N/A       75%         2
 Passwall                 Tmut/Erth      0%         N/A       75%         2
 Swiftness                Air            0%         N/A       92%         3
 Anguish                  Hex/Necr       0%         N/A       100%        4
 Enfeeble                 Hex            0%         N/A       100%        7


Dungeon Overview and Level Annotations

Branches:
Dungeon (2/15)

Annotations:
D:2 Natasha


Innate Abilities, Weirdness & Mutations

You have an increased reservoir of magic. (+10% MP)
You shall have no god before yourself.
Your divine heritage dramatically boosts your attributes as you level up.


Message History

You closely miss the adder.
The adder is almost dead.
The adder barely misses you. The adder bites you but does no damage.
Unknown command.
You hit the adder.
You kill the adder!
Your Fighting skill increases to level 3!
s - a pink potion
Found 5 stones.
You now have 80 gold pieces (gained 11).
t - a scroll labelled ICEYBI IBBUD Natasha, Servant of Life and Death comes into view.
Natasha is nearby!
You are too injured to fight recklessly!
Natasha hisses angrily.
Natasha claws you but does no damage.
You closely miss Natasha. Natasha claws you.
* * * LOW HITPOINT WARNING * * *
You barely miss Natasha. Natasha claws you but does no damage.
You hit Natasha.
Natasha is moderately wounded.
Natasha claws you.
* * * LOW HITPOINT WARNING * * *
You closely miss Natasha.
Natasha is moderately wounded.
Natasha barely misses you.
You closely miss Natasha.
Natasha is moderately wounded.
Natasha claws you.
* * * LOW HITPOINT WARNING * * *
You hit Natasha.
Natasha is moderately wounded.
Natasha closely misses you.
Natasha stares at you and mumbles some strange words.
The magic dart hits you.
* * * LOW HITPOINT WARNING * * *
You completely miss Natasha. Your punch misses Natasha.
Natasha is moderately wounded.
Natasha claws you.
You die...

######.##.# # #. #.##.##
#( #. #.....#
###.##.#### ####..#
#.........###########..#
#...........≈≈≈≈.......#
#.......†.##≈≈≈≈≈≈###..#
#......h..##≈≈≈≈≈≈≈≈≈..#
#......@..##≈≈≈≈≈≈≈≈≈≈≈≈
#.........####≈≈≈≈≈≈≈≈≈≈
#.........# ###≈≈≈≈≈≈≈≈
#.........# #.##≈≈≈≈≈
#.)<......# ###.###.###
#####.##### #.......# #.
#.#.##### #. #.#.# ..
#.#.#


You could see Natasha.

Vanquished Creatures
  Natasha (twice) (D:2)
  4 adders (D:2)
  2 dart slugs (D:2)
  2 endoplasms
  6 giant cockroaches
  3 goblins
  3 hobgoblins
  A kobold (D:2)
  A quokka (D:2)
  4 ball pythons
  A bat (D:2)
  3 frilled lizards
  5 rats (D:1)
37 creatures vanquished.

Notes
Turn   | Place    | Note
-------+----------+-------------------------------------------
     0 | D:1      | lunkers the Demigod Gladiator began the quest for the Orb.
     0 | D:1      | Reached XP level 1. HP: 17/17 MP: 3/3
   272 | D:1      | Reached skill level 3 in Long Blades
   538 | D:1      | Reached XP level 2. HP: 24/24 MP: 4/4
  1131 | D:2      | Reached XP level 3. HP: 21/30 MP: 5/5
  1666 | D:2      | Noticed Natasha
  1674 | D:2      | Killed Natasha
  1675 | D:2      | Reached skill level 4 in Long Blades
  1675 | D:2      | Reached XP level 4. HP: 26/37 MP: 6/6
  1865 | D:2      | Noticed Natasha
  1878 | D:2      | Killed Natasha
  1913 | D:2      | Noticed Natasha
  1922 | D:2      | HP: 1/38 [Natasha/magic dart (5)]
  1923 | D:2      | Slain by Natasha

Illustrated notes

Levels and vault maps discovered:
D:1:      dpeg_arrival_prison, layout_rooms, st_stairs_5, minmay_distorted
D:2:      wander_river, layout_loops_ring, uniq_natasha

Skill      XL: |  1  2  3  4 |
---------------+-------------+-----
Fighting       | 2 3 |  3.0
Long Blades    | 3 4 |  4.4
Throwing       | |  1.7
Dodging        | |  2.6

Action                   |  1- 3 |  4- 6 || total
-------------------------+-------+-------++-------
Melee: Long sword        |   118 |    22 ||   140
       Punch             |     1 |       ||     1
Armor: Leather armour    |    17 |       ||    17
       Ring mail         |    32 |     9 ||    41
Dodge: Dodged            |    93 |    13 ||   106

Table legend: (Time is in decaauts)
 A = Elapsed time spent in this place.
 B = Non-inter-level travel time spent in this place.
 C = Inter-level travel time spent in this place.
 D = Time resting spent in this place.
 E = Time spent auto-exploring this place.
 F = Levels seen in this place.
 G = Mean time per level.
                   A        B        C        D        E       F      G
               +--------+--------+--------+--------+--------+-----+--------+
         Total |   1963 |   1921 |     42 |      0 |   1598 |   2 |  981.5 |
       Dungeon |   1963 |   1921 |     42 |      0 |   1598 |   2 |  981.5 |
               +--------+--------+--------+--------+--------+-----+--------+

Top non-repeatable levels by time:
     D:1: 990 daAuts
     D:2: 973 daAuts
